 Dungeon Crawl Stone Soup version 0.31-a0-246-g8cbcc1cb85 (webtiles) character file.

Game seed: 10305575434094370457

35615 qw the Marksminotaur (level 13, -3/128 HPs)
             Began as a Minotaur Hexslinger on July 12, 2023.
             Was a High Priest of Okawaru.
             Slain by a seven-headed hydra (12 damage)
             ... on level 5 of the Lair of Beasts.
             The game lasted 00:07:03 (15618 turns).

qw the Marksminotaur (Minotaur Hexslinger)         Turns: 15618, Time: 00:07:04

Health: -3/128     AC:  8    Str: 14    XL:     13   Next: 48%
Magic:  19/19      EV: 24    Int: 10    God:    Okawaru [*****.]
Gold:   1424       SH:  0    Dex: 23    Spells: 13/14 levels left

rFire   + . .        r - +1 longbow "Ivomen" {speed, rF+}
rCold   . . .        (shield currently unavailable)
rNeg    . . .        f - +0 troll leather armour
rPois   .            (helmet restricted)
rElec   .            i - +0 cloak
rCorr   .            h - +0 pair of gloves
SInv    +            (no boots)
Will    .....        k - amulet of faith
Stlth   +++          g - +6 ring of dexterity
HPRegen 1.21/turn    l - ring of see invisible
MPRegen 0.16/turn

%: faith
@: about to teleport, heroic
A: horns 2, retaliatory headbutt, hooves 1, deterioration 1, robust 1
a: Renounce Religion, Heroism, Finesse, Duel


You were on level 5 of the Lair of Beasts.
You worshipped Okawaru.
Okawaru was extremely pleased with you.
You visited 3 branches of the dungeon, and saw 16 of its levels.

You collected 1424 gold pieces.


Innate Abilities, Weirdness & Mutations

You have a pair of horns on your head.
You reflexively headbutt those who attack you in melee.
You have large cloven feet.
Your body sometimes deteriorates upon taking damage.
You are robust. (+10% HP)


   Skills:
 - Level 11.9(16.9) Fighting
 + Level 17.4(22.4) Ranged Weapons
 - Level 5.2(10.2) Armour
 - Level 10.0(15.0) Dodging
 - Level 1.0 Spellcasting
 - Level 2.0 Hexes
 - Level 10.0 Invocations


You had 13 spell levels left.
You knew the following spells:

 Your Spells              Type           Power      Damage    Failure   Level
a - Slow                  Hex            16%        N/A       19%         1

Your spell library contained the following spells:

 Spells                   Type           Power      Damage    Failure   Level
 Inner Flame              Hex/Fire       2%         N/A       63%         3
 Portal Projectile        Hex/Tloc       4%         N/A       63%         3
 Cause Fear               Hex            2%         N/A       87%         4

Inventory:

Hand Weapons
 r - the +1 longbow "Ivomen" (weapon) {speed, rF+}
   (Okawaru gifted it to you on level 5 of the Lair of Beasts)

   rF:        It protects you from fire.
Armour
 f - a +0 troll leather armour (worn)
 h - a +0 pair of gloves (worn)
 i - a +0 cloak (worn)
Jewellery
 g - a +6 ring of dexterity (left hand)
 k - an amulet of faith (around neck)
 l - a ring of see invisible (right hand)
 o - a ring of protection from fire
 p - a ring of ice
Scrolls
 c - 3 scrolls of identify
 q - a scroll of enchant weapon
Potions
 b - a potion of might
 e - a potion of mutation
 j - 2 potions of enlightenment
 m - 3 potions of curing
 n - a potion of resistance

Dungeon Overview and Level Annotations

Branches:
Dungeon (10/15)            Temple (1/1) D:4            Lair (5/5) D:10
  Swamp (0/4) Lair:3        Snake (0/4) Lair:3        Slime (0/5) Lair:4
    Orc (0/2) D:9

Altars:
Ashenzari
Cheibriados
Dithmenos
Elyvilon
Fedhas
Gozag
Hepliaklqana
Kikubaaqudgha
Makhleb
Nemelex Xobeh
Okawaru
Qazlal
Ru
Sif Muna
Trog
Uskayaw
Vehumet
Wu Jian
Xom
Yredelemnul
Zin
The Shining One

Annotations:
Lair:2 3 runed translucent doors, qw's ghost, journeyman NaHu


Message History

You shoot an arrow.
The arrow hits the elephant but does no damage.
The elephant is moderately wounded.
The elephant tramples you!
You stumble backwards!
You shoot an arrow.
The arrow hits the elephant but does no damage.
The elephant is moderately wounded.
You shoot an arrow. The arrow hits the elephant!!
The elephant is severely wounded.
The elephant completely misses you. x2
You shoot an arrow. The arrow hits the elephant!
The elephant is almost dead.
The seven-headed hydra completely misses you.
The seven-headed hydra bites you but does no damage.
The seven-headed hydra completely misses you.
The seven-headed hydra bites you.
The seven-headed hydra closely misses you. x2
The seven-headed hydra bites you!
15616 ||| READING scroll of teleportation.
As you read the scroll of teleportation, it crumbles to dust.
You feel strangely unstable. The elephant completely misses you.
You furiously retaliate!
You headbutt the elephant. The elephant completely misses you.
The polar bear bites you. The polar bear closely misses you. x2
The seven-headed hydra bites you. x2; The seven-headed hydra misses you.
The seven-headed hydra bites you but does no damage.
The seven-headed hydra completely misses you.
The seven-headed hydra barely misses you.
The seven-headed hydra bites you!
You shoot an arrow. The arrow hits the elephant!!
You kill the elephant!
Okawaru accepts your kill. The polar bear misses you. You furiously retaliate!
You headbutt the polar bear! The polar bear claws you.
The polar bear completely misses you.
You shoot an arrow.
The arrow closely misses the polar bear.
The seven-headed hydra completely misses you. x2
The seven-headed hydra closely misses you.
The seven-headed hydra bites you!
You die...

#####.. ......... ##.....
#.....# ##......
###..$..#.P .#P.....#
#..........
#P....%P###.%..#...(.
P.......#..%.........
..P....#.............
......?..h...P...#...
.P.P...PP@D..........
#P..P.....P#<............
###...........#...........
#P.........#..............
....P....................
.........................
<...................PP..
.....%.......#......P...
.......<...%..PP........


You could see a seven-headed hydra and a polar bear.

Vanquished Creatures
  4 hydras
  Erica (D:8)
  2 two-headed ogres
  3 skysharks
  A deep elf pyromancer (D:8)
  Pikel (D:8)
  2 black mambas
  11 elephants
  8 cane toads
  8 komodo dragons
  A rime drake (Lair:5)
  Maggie (D:8)
  2 ice devils (D:8)
  A troll (D:9)
  A polar bear (Lair:2)
  2 hornets
  Grinder (D:5)
  9 blink frogs
  A vampire (D:9)
  A slime creature (Lair:1)
  5 wyverns
  2 shadows (D:9)
  2 basilisks (Lair:2)
  A fire elemental (D:8)
  25 yaks
  A vampire mosquito (D:9)
  7 steam dragons
  Edmund (D:6)
  5 nagas (Lair:3)
  Duvessa (D:5)
  A floating eye (D:9)
  17 water moccasins
  5 sky beasts
  2 ice beasts
  11 orc warriors
  5 black bears
  4 centaurs
  16 wolves
  An ogre (D:4)
  A lemure (D:8)
  A phantom (D:4)
  2 kobold brigands (D:9)
  5 gnoll sergeants
  Blork the orc (D:5)
  10 bullfrogs
  3 scorpions
  4 wights (D:8)
  Dowan (D:5)
  10 killer bees
  A vampire bat (D:5)
  A howler monkey (D:6)
  6 hounds
  13 jellies
  3 gnoll boudas
  7 orc priests
  3 iguanas
  3 sleepcaps
  Jessica (D:2)
  Natasha (thrice) (D:2)
  6 orc wizards
  Robin (D:2)
  20 gnolls
  7 adders
  A shadow imp (D:7)
  2 white imps
  An ufetubus (D:7)
  3 worms
  4 dart slugs
  3 fire bats (D:5)
  37 orcs
  2 spectral bats (D:5)
  10 bats
  3 bat skeletons (D:5)
  A bat zombie (D:5)
  20 endoplasms
  4 giant cockroaches
  12 hobgoblins
  6 jackals (D:1)
  4 quokkas
  3 ball pythons
  A bat simulacrum (D:5)
  2 frilled lizards
  19 goblins
  5 kobolds
  10 rats
439 creatures vanquished.

Notes
Turn   | Place    | Note
-------+----------+-------------------------------------------
     0 | D:1      | qw the Minotaur Hexslinger began the quest for the Orb.
     0 | D:1      | Reached XP level 1. HP: 16/16 MP: 1/1
     0 | D:1      | 0 ||| qw: Version: 0.3-a-52-g30416fa
     0 | D:1      | 0 ||| qw: Game counter: 6295
     0 | D:1      | 0 ||| qw: Melee chars always use a shield: true
     0 | D:1      | 0 ||| qw: God list: Okawaru
     0 | D:1      | 0 ||| qw: Allow faded altars: false
     0 | D:1      | 0 ||| qw: Do Orc after clearing Dungeon:15 true
     0 | D:1      | 0 ||| qw: Do second Lair branch before Depths: true
     0 | D:1      | 0 ||| qw: Lair rune preference: random
     0 | D:1      | 0 ||| qw: Goals: Normal
     0 | D:1      | 0 ||| PLANNING D:1-11
   130 | D:1      | 130 ||| DROPPING scroll of poison.
   267 | D:1      | Reached skill level 3 in Ranged Weapons
   269 | D:1      | Reached XP level 2. HP: 23/23 MP: 2/2
   445 | D:1      | Reached XP level 3. HP: 29/29 MP: 3/3
   500 | D:1      | 500 ||| UPGRADING to +0 leather armour.
   510 | D:1      | 510 ||| DROPPING +0 robe.
   511 | D:1      | 511 ||| UPGRADING to +6 ring of dexterity.
   512 | D:1      | 512 ||| READING scroll labelled ASEDDUWOGIE.
   513 | D:1      | 513 ||| READING scroll labelled GAEWUDUE PAGUCH.
   514 | D:1      | 514 ||| READING scroll labelled VOZAOQ DI GIECS.
   515 | D:1      | 515 ||| READING scroll labelled WACZIASKYO.
   519 | D:1      | 519 ||| READING scroll labelled HODIYL IDWIUMU.
   520 | D:1      | 520 ||| DRINKING 2 fizzy grey potions.
   538 | D:2      | Noticed Jessica
   542 | D:2      | Killed Jessica
   543 | D:2      | Reached skill level 4 in Ranged Weapons
   610 | D:2      | Reached XP level 4. HP: 36/36 MP: 4/4
   690 | D:2      | Noticed Robin
   702 | D:2      | HP: 8/36 [goblin/+0 dagger[Robin] (4)]
   703 | D:2      | 703 ||| DRINKING potion of heal wounds.
   704 | D:2      | Killed Robin
   707 | D:2      | HP: 9/36 [goblin/+0 club[Robin] (4)]
   708 | D:2      | HP: 4/36 [goblin/+0 dagger[Robin] (3)]
   875 | D:2      | Reached skill level 5 in Ranged Weapons
   943 | D:2      | Noticed Natasha
   948 | D:2      | Killed Natasha
  1075 | D:2      | Reached skill level 3 in Fighting
  1116 | D:2      | Noticed Natasha
  1123 | D:2      | Killed Natasha
  1124 | D:2      | Reached XP level 5. HP: 39/45 MP: 5/5
  1171 | D:2      | Noticed Natasha
  1177 | D:2      | Killed Natasha
  1377 | D:2      | 1377 ||| UPGRADING to +0 ring mail.
  1387 | D:2      | 1387 ||| DROPPING +0 leather armour.
  1388 | D:2      | 1388 ||| READING scroll labelled NOOVELYIFI.
  1389 | D:2      | 1389 ||| READING scroll labelled ROUJID OMOICE.
  1628 | D:3      | Reached skill level 1 in Armour
  1979 | D:3      | Reached skill level 6 in Ranged Weapons
  2208 | D:3      | 2208 ||| READING scroll labelled VIOR QIHEESISK.
  2209 | D:3      | 2209 ||| READING scroll labelled SUYSER NATUONE.
  2210 | D:3      | 2210 ||| DRINKING 2 fizzy green potions.
  2210 | D:3      | Gained mutation: You have large cloven feet. [potion of
                  | mutation]
  2210 | D:3      | Gained mutation: Your body sometimes deteriorates upon
                  | taking damage. [potion of mutation]
  2210 | D:3      | Gained mutation: You are robust. (+10% HP) [potion of
                  | mutation]
  2231 | D:4      | 2231 ||| PLANNING SEWER
  2236 | D:4      | Reached XP level 6. HP: 57/57 MP: 6/6
  2276 | D:4      | Found a staircase to the Ecumenical Temple.
  2376 | D:4      | Found a stormy altar of Qazlal.
  2903 | D:4      | Reached skill level 7 in Ranged Weapons
  2903 | D:4      | Reached XP level 7. HP: 64/64 MP: 7/7
  2966 | D:4      | 2966 ||| RIP SEWER
  3015 | D:4      | 3015 ||| PLANNING TEMPLE
  3059 | D:4      | 3059 ||| UPGRADING to amulet of guardian spirit.
  3064 | D:4      | 3064 ||| READING 2 scrolls of identify.
  3064 | D:4      | 3064 ||| IDENTIFYING brown potion
  3092 | Temple   | Entered the Ecumenical Temple
  3257 | Temple   | 3257 ||| PLANNING OKAWARU WORSHIP
  3362 | Temple   | Became a worshipper of Warmaster Okawaru
  3363 | Temple   | 3363 ||| PLANNING D:1-11
  3363 | Temple   | 3363 ||| REMOVING amulet of guardian spirit.
  3368 | Temple   | 3368 ||| DROPPING amulet of guardian spirit.
  3460 | D:5      | Entered Level 5 of the Dungeon
  3470 | D:5      | 3470 ||| Stepping ~*~*~tactically~*~*~ (outnumbered).
  3649 | D:5      | Reached skill level 3 in Dodging
  3719 | D:5      | Reached skill level 8 in Ranged Weapons
  3809 | D:5      | Noticed Blork the orc
  3824 | D:5      | Killed Blork the orc
  4246 | D:5      | Noticed Duvessa
  4255 | D:5      | Noticed Dowan
  4264 | D:5      | HP: 9/67 [Duvessa/+0 short sword (9)]
  4265 | D:5      | 4265 ||| READING 3 scrolls of teleportation.
  4266 | D:5      | 4266 ||| DRINKING 3 potions of heal wounds.
  4588 | D:5      | Reached XP level 8. HP: 71/74 MP: 8/8
  4730 | D:5      | Killed Duvessa
  4730 | D:5      | Reached * piety under Okawaru
  4731 | D:5      | Reached skill level 9 in Ranged Weapons
  4890 | D:5      | 4890 ||| INVOKING Heroism.
  4891 | D:5      | 4891 ||| INVOKING Heroism.
  4895 | D:5      | Killed Dowan
  4935 | D:5      | Found a snail-covered altar of Cheibriados.
  5058 | D:5      | 5058 ||| UPGRADING to amulet of faith.
  5063 | D:5      | 5063 ||| UPGRADING to ring of see invisible.
  5064 | D:5      | 5064 ||| READING scroll labelled HUJUAHYU HOSTRI.
  5065 | D:5      | 5065 ||| READING 2 scrolls of identify.
  5065 | D:5      | 5065 ||| IDENTIFYING bubbling dark potion
  5066 | D:5      | 5066 ||| DROPPING potion of brilliance.
  5100 | D:6      | Noticed Grinder
  5107 | D:6      | Paralysed by Grinder for 3 turns
  5111 | D:6      | 5111 ||| STAIRDANCE
  5116 | D:5      | Paralysed by Grinder for 3 turns
  5121 | D:5      | 5121 ||| FLEEEEING.
  5123 | D:5      | 5123 ||| FLEEEEING.
  5129 | D:5      | 5129 ||| FLEEEEING.
  5136 | D:5      | 5136 ||| FLEEEEING.
  5137 | D:5      | 5137 ||| FLEEEEING.
  5139 | D:5      | 5139 ||| FLEEEEING.
  5140 | D:5      | 5140 ||| FLEEEEING.
  5141 | D:5      | 5141 ||| FLEEEEING.
  5142 | D:5      | 5142 ||| FLEEEEING.
  5143 | D:5      | 5143 ||| FLEEEEING.
  5149 | D:5      | 5149 ||| STAIRDANCE
  5260 | D:5      | Paralysed by Grinder for 5 turns
  5272 | D:5      | Killed Grinder
  5273 | D:5      | Reached skill level 6 in Fighting
  5380 | D:6      | Reached skill level 1 in Invocations
  5513 | D:6      | 5513 ||| INVOKING Heroism.
  5680 | D:6      | Found a hazy altar of Hepliaklqana.
  5680 | D:6      | Found a broken altar of Ashenzari.
  6147 | D:6      | 6147 ||| FLEEEEING.
  6152 | D:6      | 6152 ||| FLEEEEING.
  6153 | D:6      | 6153 ||| FLEEEEING.
  6154 | D:6      | 6154 ||| FLEEEEING.
  6229 | D:6      | Noticed Edmund
  6230 | D:6      | 6230 ||| INVOKING Heroism.
  6241 | D:6      | Reached skill level 3 in Invocations
  6255 | D:6      | 6255 ||| INVOKING Heroism.
  6260 | D:6      | HP: 19/78 [Edmund/+3 dire flail of venom (5)]
  6261 | D:6      | 6261 ||| READING 2 scrolls of teleportation.
  6261 | D:6      | Killed Edmund
  6262 | D:6      | 6262 ||| DRINKING 2 potions of heal wounds.
  6273 | D:6      | HP: 19/78 [poisoned by Edmund]
  6502 | D:6      | 6502 ||| UPGRADING to +2 leather armour of cold resistance.
  6512 | D:6      | 6512 ||| DROPPING +0 ring mail.
  6513 | D:6      | 6513 ||| DRINKING 2 golden potions.
  6549 | D:7      | Reached XP level 9. HP: 82/85 MP: 10/10
  6550 | D:7      | 6550 ||| STAIRDANCE
  6556 | D:6      | 6556 ||| INVOKING Heroism.
  6563 | D:6      | Reached skill level 10 in Ranged Weapons
  6881 | D:7      | Found an opulent altar of Gozag.
  6894 | D:7      | 6894 ||| INVOKING Heroism.
  6903 | D:7      | 6903 ||| FLEEEEING.
  6904 | D:7      | 6904 ||| FLEEEEING.
  6905 | D:7      | 6905 ||| FLEEEEING.
  6906 | D:7      | 6906 ||| FLEEEEING.
  6907 | D:7      | 6907 ||| FLEEEEING.
  6908 | D:7      | 6908 ||| FLEEEEING.
  6909 | D:7      | 6909 ||| FLEEEEING.
  6910 | D:7      | 6910 ||| FLEEEEING.
  6911 | D:7      | 6911 ||| FLEEEEING.
  6912 | D:7      | 6912 ||| FLEEEEING.
  6913 | D:7      | 6913 ||| FLEEEEING.
  6914 | D:7      | 6914 ||| FLEEEEING.
  6915 | D:7      | 6915 ||| FLEEEEING.
  6916 | D:7      | 6916 ||| FLEEEEING.
  6917 | D:7      | 6917 ||| FLEEEEING.
  6918 | D:7      | 6918 ||| FLEEEEING.
  6919 | D:7      | 6919 ||| FLEEEEING.
  6920 | D:7      | 6920 ||| FLEEEEING.
  6921 | D:7      | 6921 ||| FLEEEEING.
  6922 | D:7      | 6922 ||| FLEEEEING.
  6923 | D:7      | 6923 ||| FLEEEEING.
  6924 | D:7      | 6924 ||| FLEEEEING.
  6925 | D:7      | 6925 ||| FLEEEEING.
  6926 | D:7      | 6926 ||| FLEEEEING.
  6927 | D:7      | 6927 ||| FLEEEEING.
  6928 | D:7      | 6928 ||| FLEEEEING.
  6929 | D:7      | 6929 ||| FLEEEEING.
  6930 | D:7      | 6930 ||| FLEEEEING.
  6931 | D:7      | 6931 ||| FLEEEEING.
  6932 | D:7      | 6932 ||| FLEEEEING.
  6933 | D:7      | 6933 ||| STAIRDANCE
  7075 | D:6      | 7075 ||| READING 2 scrolls of identify.
  7075 | D:6      | 7075 ||| IDENTIFYING smoky green potion
  7076 | D:6      | 7076 ||| DROPPING potion of degeneration.
  7079 | D:7      | 7079 ||| STAIRDANCE
  7399 | D:7      | Reached ** piety under Okawaru
  7489 | D:7      | 7489 ||| INVOKING Heroism.
  7514 | D:7      | Reached skill level 11 in Ranged Weapons
  7693 | D:7      | 7693 ||| SWAPPING to +0 orcbow.
  7702 | D:7      | 7702 ||| DROPPING +2 sling.
  7748 | D:7      | 7748 ||| INVOKING Heroism.
  7756 | D:7      | Reached skill level 6 in Dodging
  7826 | D:7      | 7826 ||| INVOKING Heroism.
  7989 | D:7      | 7989 ||| INVOKING Heroism.
  8153 | D:7      | Found a shimmering blue altar of Sif Muna.
  8153 | D:7      | Found a hide-covered altar of Uskayaw.
  8198 | D:8      | Noticed Erica
  8199 | D:8      | 8199 ||| INVOKING Heroism.
  8210 | D:8      | Killed Erica
  8210 | D:8      | Reached *** piety under Okawaru
  8211 | D:8      | Reached skill level 12 in Ranged Weapons
  8211 | D:8      | Reached XP level 10. HP: 76/94 MP: 10/12
  8228 | D:8      | 8228 ||| STAIRDANCE
  8425 | D:8      | Reached **** piety under Okawaru
  8509 | D:8      | 8509 ||| FLEEEEING.
  8510 | D:8      | 8510 ||| FLEEEEING.
  8511 | D:8      | 8511 ||| FLEEEEING.
  8512 | D:8      | 8512 ||| FLEEEEING.
  8513 | D:8      | 8513 ||| FLEEEEING.
  8514 | D:8      | 8514 ||| STAIRDANCE
  8595 | D:8      | 8595 ||| STAIRDANCE
  8666 | D:8      | 8666 ||| INVOKING Heroism.
  8783 | D:8      | Noticed Maggie
  8789 | D:8      | Killed Maggie
  8811 | D:8      | 8811 ||| INVOKING Heroism.
  8937 | D:8      | 8937 ||| Stepping ~*~*~tactically~*~*~ (outnumbered).
  8939 | D:8      | 8939 ||| Stepping ~*~*~tactically~*~*~ (outnumbered).
  8941 | D:8      | 8941 ||| Stepping ~*~*~tactically~*~*~ (outnumbered).
  8943 | D:8      | 8943 ||| Stepping ~*~*~tactically~*~*~ (outnumbered).
  8945 | D:8      | 8945 ||| Stepping ~*~*~tactically~*~*~ (outnumbered).
  8947 | D:8      | 8947 ||| Stepping ~*~*~tactically~*~*~ (cloud).
  8949 | D:8      | 8949 ||| INVOKING Heroism.
  8962 | D:8      | HP: 22/96 [steam dragon/ball of steam (5)]
  8963 | D:8      | 8963 ||| READING scroll of teleportation.
  8964 | D:8      | 8964 ||| DRINKING 3 potions of heal wounds.
  9173 | D:8      | 9173 ||| INVOKING Heroism.
  9224 | D:8      | Noticed a deep elf pyromancer
  9232 | D:8      | Killed a deep elf pyromancer
  9232 | D:8      | Reached ***** piety under Okawaru
  9233 | D:8      | Reached skill level 13 in Ranged Weapons
  9233 | D:8      | Reached skill level 6 in Invocations
  9237 | D:8      | Noticed Pikel
  9248 | D:8      | Killed Pikel
  9413 | D:8      | 9413 ||| INVOKING Heroism.
  9542 | D:8      | 9542 ||| DROPPING ring of fire.
  9623 | D:9      | Noticed a two-headed ogre
  9624 | D:9      | 9624 ||| INVOKING Heroism.
  9636 | D:9      | Killed a two-headed ogre
  9636 | D:9      | Received a gift from Okawaru
  9637 | D:9      | Reached skill level 9 in Fighting
  9637 | D:9      | Reached XP level 11. HP: 106/106 MP: 13/15
  9650 | D:9      | 9650 ||| SWAPPING to +4 orcbow of freezing.
  9653 | D:9      | 9653 ||| INVOKING Heroism.
  9668 | D:9      | 9668 ||| DROPPING +0 orcbow.
  9798 | D:9      | Found a flagged portal.
  9800 | D:9      | 9800 ||| Stepping ~*~*~tactically~*~*~ (outnumbered).
  9802 | D:9      | 9802 ||| Stepping ~*~*~tactically~*~*~ (outnumbered).
  9810 | D:9      | 9810 ||| INVOKING Heroism.
  9959 | D:9      | 9959 ||| INVOKING Heroism.
 10026 | D:9      | 10026 ||| INVOKING Heroism.
 10036 | D:9      | 10036 ||| Stepping ~*~*~tactically~*~*~ (cloud).
 10058 | D:9      | 10058 ||| INVOKING Heroism.
 10176 | D:9      | 10176 ||| INVOKING Heroism.
 10274 | D:9      | Identified the +0 scale mail "Byllias" {Int+2} (Okawaru
                  | gifted it to you on level 9 of the Dungeon)
 10274 | D:9      | Received a gift from Okawaru
 10489 | D:9      | 10489 ||| INVOKING Heroism.
 10491 | D:9      | 10491 ||| Stepping ~*~*~tactically~*~*~ (outnumbered).
 10516 | D:9      | Found a staircase to the Orcish Mines.
 10528 | D:9      | 10528 ||| Stepping ~*~*~tactically~*~*~ (outnumbered).
 10575 | D:9      | 10575 ||| INVOKING Heroism.
 10581 | D:9      | Reached skill level 14 in Ranged Weapons
 11031 | D:9      | 11031 ||| INVOKING Heroism.
 11062 | D:9      | 11062 ||| UPGRADING to +0 troll leather armour.
 11072 | D:9      | 11072 ||| DROPPING +2 leather armour of cold resistance.
 11073 | D:9      | 11073 ||| DROPPING +0 steam dragon scales.
 11081 | D:10     | Entered Level 10 of the Dungeon
 11081 | D:10     | Found a staircase to the Lair.
 11133 | D:10     | Noticed a two-headed ogre
 11134 | D:10     | 11134 ||| INVOKING Heroism.
 11139 | D:10     | Killed a two-headed ogre
 11140 | D:10     | Reached skill level 9 in Invocations
 11446 | D:10     | 11446 ||| INVOKING Heroism.
 11551 | D:10     | 11551 ||| Stepping ~*~*~tactically~*~*~ (outnumbered).
 11688 | D:10     | Found a shadowy altar of Dithmenos.
 11698 | D:10     | 11698 ||| PLANNING LAIR
 11737 | Lair:1   | Entered Level 1 of the Lair of Beasts
 11837 | Lair:1   | 11837 ||| INVOKING Heroism.
 11905 | Lair:1   | 11905 ||| INVOKING Heroism.
 11955 | Lair:1   | Reached XP level 12. HP: 116/116 MP: 18/18
 12167 | Lair:1   | Identified the +4 falchion of Mens Rea {freeze, Will+ Str+4
                  | Int-4}
 12300 | Lair:1   | 12300 ||| INVOKING Heroism.
 12434 | Lair:1   | 12434 ||| READING scroll labelled TUOWKA OWANAO.
 12435 | Lair:1   | 12435 ||| READING scroll labelled FUCZYITUKA.
 12436 | Lair:1   | 12436 ||| DRINKING 2 murky purple potions.
 12437 | Lair:1   | 12437 ||| DROPPING potion of attraction.
 12460 | Lair:2   | 12460 ||| INVOKING Heroism.
 12601 | Lair:2   | Reached skill level 15 in Ranged Weapons
 12601 | Lair:2   | 12601 ||| INVOKING Heroism.
 12606 | Lair:2   | HP: 24/116 [skyshark (17)]
 12607 | Lair:2   | 12607 ||| READING scroll of teleportation.
 12607 | Lair:2   | HP: 11/116 [skyshark (14)]
 12607 | Lair:2   | HP: 4/116 [wolf (7)]
 12608 | Lair:2   | 12608 ||| DRINKING 3 potions of heal wounds.
 12609 | Lair:2   | 12609 ||| DRINKING 2 potions of heal wounds.
 12611 | Lair:2   | 12611 ||| DRINKING potion of heal wounds.
 12780 | Lair:2   | 12780 ||| INVOKING Heroism.
 12865 | Lair:2   | 12865 ||| INVOKING Heroism.
 12878 | Lair:2   | Reached skill level 9 in Dodging
 12919 | Lair:2   | Noticed a four-headed hydra
 12924 | Lair:2   | Killed a four-headed hydra
 12993 | Lair:2   | Found a runed translucent gate.
 12993 | Lair:2   | Found a runed translucent gate.
 12993 | Lair:2   | Found a runed translucent gate.
 13154 | Lair:2   | Noticed qw's ghost (journeyman NaHu)
 13270 | Lair:2   | 13270 ||| INVOKING Heroism.
 13273 | Lair:2   | HP: 28/116 [cane toad (3)]
 13278 | Lair:2   | HP: 14/116 [poisoned by a cane toad]
 13282 | Lair:2   | Reached skill level 16 in Ranged Weapons
 13283 | Lair:2   | HP: 12/116 [poisoned by a cane toad]
 13385 | Lair:2   | 13385 ||| READING scroll of enchant weapon.
 13385 | Lair:2   | 13385 ||| ENCHANTING +4 orcbow of freezing.
 13399 | Lair:2   | 13399 ||| READING scroll of enchant weapon.
 13399 | Lair:2   | 13399 ||| ENCHANTING +5 orcbow of freezing.
 13976 | Lair:2   | 13976 ||| DRINKING 2 sapphire potions.
 13977 | Lair:2   | 13977 ||| DRINKING 2 lumpy amethyst potions.
 14024 | Lair:2   | 14024 ||| READING 5 scrolls of identify.
 14024 | Lair:2   | 14024 ||| IDENTIFYING bubbling red potion
 14025 | Lair:2   | 14025 ||| DROPPING potion of invisibility.
 14026 | Lair:2   | 14026 ||| DROPPING potion of berserk rage.
 14027 | Lair:2   | 14027 ||| DROPPING potion of lignification.
 14046 | Lair:3   | 14046 ||| INVOKING Heroism.
 14056 | Lair:3   | Reached skill level 3 in Armour
 14101 | Lair:3   | Noticed a four-headed hydra
 14102 | Lair:3   | 14102 ||| INVOKING Heroism.
 14106 | Lair:3   | Killed a four-headed hydra
 14118 | Lair:3   | Found a staircase to the Swamp.
 14194 | Lair:3   | 14194 ||| Stepping ~*~*~tactically~*~*~ (water).
 14215 | Lair:3   | 14215 ||| FLEEEEING.
 14216 | Lair:3   | 14216 ||| FLEEEEING.
 14217 | Lair:3   | 14217 ||| FLEEEEING.
 14218 | Lair:3   | 14218 ||| FLEEEEING.
 14219 | Lair:3   | 14219 ||| FLEEEEING.
 14220 | Lair:3   | 14220 ||| FLEEEEING.
 14221 | Lair:3   | 14221 ||| FLEEEEING.
 14222 | Lair:3   | 14222 ||| FLEEEEING.
 14268 | Lair:3   | You fall into a shaft and drop 1 floor!
 14317 | Lair:4   | 14317 ||| INVOKING Heroism.
 14408 | Lair:4   | 14408 ||| INVOKING Heroism.
 14432 | Lair:4   | Reached XP level 13. HP: 127/127 MP: 19/19
 14450 | Lair:4   | Found a staircase to the Slime Pits.
 14468 | Lair:4   | 14468 ||| READING scroll labelled BOD EKUNLAC.
 14498 | Lair:3   | 14498 ||| INVOKING Heroism.
 14500 | Lair:3   | Identified the +5 arbalest "Ogomile" {heavy, rC+++ rCorr
                  | Int-3 Stlth+} (Okawaru gifted it to you on level 3 of the
                  | Lair of Beasts)
 14500 | Lair:3   | Received a gift from Okawaru
 14512 | Lair:3   | 14512 ||| SWAPPING to +5 arbalest "Ogomile" {heavy, rC+++
                  | rCorr Int-3 Stlth+}.
 14513 | Lair:3   | 14513 ||| DROPPING +6 orcbow of freezing.
 14590 | Lair:3   | 14590 ||| INVOKING Heroism.
 14663 | Lair:3   | 14663 ||| Stepping ~*~*~tactically~*~*~ (outnumbered).
 14688 | Lair:3   | 14688 ||| Stepping ~*~*~tactically~*~*~ (outnumbered).
 14706 | Lair:3   | Found a staircase to the Snake Pit.
 14936 | Lair:3   | 14936 ||| UPGRADING to +0 pair of gloves.
 14941 | Lair:3   | 14941 ||| UPGRADING to +0 cloak.
 15490 | Lair:4   | 15490 ||| READING 4 scrolls of identify.
 15490 | Lair:4   | 15490 ||| IDENTIFYING green potion
 15501 | Lair:5   | Entered Level 5 of the Lair of Beasts
 15502 | Lair:5   | 15502 ||| INVOKING Heroism.
 15510 | Lair:5   | Identified the +1 longbow "Ivomen" {speed, rF+} (Okawaru
                  | gifted it to you on level 5 of the Lair of Beasts)
 15510 | Lair:5   | Received a gift from Okawaru
 15512 | Lair:5   | 15512 ||| SWAPPING to +1 longbow "Ivomen" {speed, rF+}.
 15513 | Lair:5   | 15513 ||| DROPPING +5 arbalest "Ogomile" {heavy, rC+++
                  | rCorr Int-3 Stlth+}.
 15552 | Lair:5   | 15552 ||| INVOKING Heroism.
 15559 | Lair:5   | Reached skill level 17 in Ranged Weapons
 15615 | Lair:5   | HP: 29/128 [seven-headed hydra (14)]
 15616 | Lair:5   | 15616 ||| READING scroll of teleportation.
 15616 | Lair:5   | HP: 9/128 [seven-headed hydra (10)]
 15618 | Lair:5   | Slain by a seven-headed hydra

Levels and vault maps discovered:
D:1:      roderic_crop_circles_arrival_small, layout_basic,
          chequers_serial_rivers_small_a
D:2:      layout_loops_ring, uniq_natasha, uniq_robin, uniq_jessica
D:3:      kennysheep_six_static_rooms, layout_basic, minmay_misc_feat_square,
          minmay_misc_feat_plants
D:4:      layout_loops_ring, lemuel_crystal_altar, minmay_temple_entry_glass,
          portal_sewer_entry_d
D:5:      layout_loops_ring, marbit_many_paths, goddamned_bats,
          uniq_blork_the_orc, uniq_duvessa
D:6:      layout_basic, chequers_temple_overflow_statue_of_worship,
          sigmund_army, uniq_grinder, uniq_edmund
D:7:      minmay_polygon_palace, layout_basic, gammafunk_temple_overflow_statue,
          kennysheep_little_box, minivault_22
D:8:      layout_cave_pools, st_stairs_11, dilly_guarded_unrand_elemental_staff,
          uniq_pikel, uniq_maggie, uniq_erica
D:9:      layout_loops_corners, david_orc_5, enter_bailey_5, onia_ninara_cookie
D:10:     layout_roguey, mainiacjoe_overflow_alcove_2, lair_entry_dummy
Temple:   minmay_temple_curvy_branch
Lair:1:   lemuel_slime, layout_chaotic_city, lemuel_fruit_fields
Lair:2:   layout_layer_cave, gammafunk_ghost_icy, beast_lair_carwin_5,
          lemuel_fruit_fields, grunt_megastairs_4
Lair:3:   wander_river, layout_misc_corridors, swamp_mist,
          minmay_snake_entry_guardpost_medium
Lair:4:   layout_roguey, slime_entry_1, wad_woods_road_04, lemuel_fruit_tree
Lair:5:   hangedman_lair_caniforms_friends, layout_misc_corridors, wormcave

Skill      XL: |  1  2  3  4  5  6  7  8  9 10 11 12 13 |
---------------+----------------------------------------+-----
Ranged Weapons | 3 4 5 6 7 8 9 12 13 14 16 17 | 17.4
Fighting       | 2 3 4 5 6 7 9 10 11 | 11.9
Armour         | 1 2 3 5 |  5.2
Dodging        | 3 4 6 7 8 10 | 10.0
Invocations    | 3 4 7 10 | 10.0
Spellcasting   | |  1.0
Hexes          | |  2.0

Action                     |  1- 3 |  4- 6 |  7- 9 | 10-12 | 13-15 || total
---------------------------+-------+-------+-------+-------+-------++-------
   Fire: Sling             |    70 |   213 |   403 |       |       ||   686
         Orcbow            |       |       |    51 |   745 |     5 ||   801
         Longbow           |       |       |       |       |    66 ||    66
         Arbalest          |       |       |       |       |    65 ||    65
 Invoke: Heroism           |       |       |    11 |    29 |     4 ||    44
    Use: Scroll            |     5 |     4 |     6 |     7 |     3 ||    25
         Potion            |     1 |     2 |     3 |     7 |       ||    13
 Armour: Robe              |     2 |       |       |       |       ||     2
         Leather armour    |       |    13 |    18 |    18 |       ||    49
         Ring mail         |       |    24 |    45 |       |       ||    69
         Troll leather arm |       |       |       |    15 |    15 ||    30
  Dodge: Dodged            |    10 |    75 |   192 |   246 |    99 ||   622

Table legend:
 A = Non-vault XP
 B = Vault XP
 C = Vault XP percentage of total XP
 D = Non-vault monster count
 E = Vault monster count
 F = Vault count percentage of total count
                 A         B        C        D         E       F
            +---------+---------+-------+---------+---------+-------
      Total |   36910 |   13969 |  27.5 |     275 |     163 |  37.2
            +---------+---------+-------+---------+---------+-------
        D:1 |      42 |       0 |   0.0 |      24 |       0 |   0.0
        D:2 |     124 |     105 |  45.9 |      18 |      13 |  41.9
        D:3 |      64 |      14 |  17.9 |      20 |       6 |  23.1
        D:4 |     403 |      13 |   3.1 |      11 |       1 |   8.3
        D:5 |     469 |     808 |  63.3 |      16 |      25 |  61.0
        D:6 |     704 |     178 |  20.2 |      22 |       3 |  12.0
        D:7 |     680 |    1434 |  67.8 |      11 |      17 |  60.7
        D:8 |    1715 |    3916 |  69.5 |      22 |      13 |  37.1
        D:9 |    2133 |    3672 |  63.3 |      16 |      47 |  74.6
       D:10 |    3900 |       0 |   0.0 |      24 |       0 |   0.0
     Lair:1 |    2235 |     668 |  23.0 |       9 |      24 |  72.7
     Lair:2 |    5284 |    2374 |  31.0 |      21 |       9 |  30.0
     Lair:3 |    6454 |     787 |  10.9 |      21 |       5 |  19.2
     Lair:4 |    6147 |       0 |   0.0 |      21 |       0 |   0.0
     Lair:5 |    6556 |       0 |   0.0 |      19 |       0 |   0.0
            +---------+---------+-------+---------+---------+-------
